Cogmind - Beta 15 @@@ ROGUE MODE // 2025.07.06 @ 23:47:16 Player: Vaya Result: Destroyed by Y-54 Guardian with Flak Gun Performance ------------- Evolutions (3) 1500 Regions Visited (5) 1000 Robots Destroyed (30) 150 Value Destroyed (854) 854 Prototype IDs (1) 20 Alien Tech Used (0) 0 Bonus (341) 341 TOTAL SCORE: 3865 Bonus ------- Follower Combat Kills 341 Cogmind --------- Core Integrity 0/700 Matter 285/300 Energy 88/100 System Corruption 2% Temperature Cool (12) Movement Treading (170) Location -7/Factory Parts ------- > --- POWER (3) -------- (None) > --- PROPULSION (2) --- Armored Treads > --- UTILITY (4) ------ Terrain Scan Processor Core Shielding > --- WEAPON (4) ------- Heavy Particle Cannon Gauss Cannon > --- INVENTORY (5) ---- Remote Datajack Peak State ------------ > --- POWER ------------ Improved Deuterium Engine Heavy Deuterium Engine Light Angular Momentum Engine > --- PROPULSION ------- Armored Treads Advanced Treads > --- UTILITY ---------- Heat Sink Improved Heat Sink Terrain Scan Processor Improved Light Armor Plating > --- WEAPON ----------- Heavy Laser Blade Saw Greatsword > --- INVENTORY -------- Light Treads Gauss Cannon Remote Datajack Mining Laser Blade Saw [Rating: 45] Favorites ----------- Power Ion Engine Engine Ion Engine Power Core Light Nuclear Core Propulsion Compact Wheel Treads Armored Treads Wheel Compact Wheel Utility Small Storage Unit Device Improved Terrain Scanner Storage Small Storage Unit Processor Terrain Scan Processor Protection Improved Light Armor Plating Weapon Assault Rifle Energy Gun Heavy Laser Energy Cannon Beam Cannon Ballistic Gun Assault Rifle Ballistic Cannon Gauss Cannon Launcher Grenade Launcher Special Weapon Mining Laser Impact Weapon Makeshift Hammer Slashing Weapon Blade Saw Build | -11 -10 -10 -9 -8 -7 ------- Run | Yrd Mat Min Mat Mat Fac Slots Evolved 6 | . . . 2 2 2 Power 2 | . . . 1 . 1 Propulsion . | . . . . . . Utility 2 | . . . 1 . 1 Weapon 2 | . . . . 2 . Parts Attached 48 | 8 1 1 4 10 24 Power 11 | 1 . . 3 3 4 Engine 9 | 1 . . 3 1 4 Core 2 | . . . . 2 . Reactor . | . . . . . . Propulsion 10 | 2 . . 1 3 4 Treads 4 | . . . . . 4 Leg . | . . . . . . Wheel 6 | 2 . . 1 3 . Hover . | . . . . . . Flight . | . . . . . . Utility 10 | 3 . . . . 7 Device 6 | 2 . . . . 4 Storage 1 | 1 . . . . . Processor 1 | . . . . . 1 Hackware . | . . . . . . Protection 2 | . . . . . 2 Artifact . | . . . . . . Weapon 17 | 2 1 1 . 4 9 Energy Gun 4 | . . . . 2 2 Energy Cannon 3 | . 1 . . 1 1 Ballistic Gun 2 | 2 . . . . . Ballistic Cannon 2 | . . . . . 2 Launcher 1 | . . . . 1 . Special Weapon 1 | . . . . . 1 Impact Weapon 1 | . . 1 . . . Slashing Weapon 3 | . . . . . 3 Piercing Weapon . | . . . . . . Special Melee Weapon . | . . . . . . Unidentified Prototypes 1 | . . . . . 1 Parts Lost 37 | . . . 3 7 27 Power 11 | . . . 3 2 6 Propulsion 6 | . . . . 2 4 Utility 7 | . . . . 1 6 Weapon 13 | . . . . 2 11 Highest Loss Streak 13 | . . . 3 5 13 To Critical Strikes . | . . . . . . Average Backups 6 | 3 7 8 7 7 4 Power . | . 1 1 . . . Propulsion 1 | 1 2 2 1 . . Utility 1 | . 1 1 . 1 1 Weapon 3 | 1 3 4 4 4 2 Tool/Special . | . . . . . . Unused Backups 9 | . 1 1 . 2 5 Power . | . . . . . . Propulsion 1 | . 1 . . . . Utility 4 | . . . . 1 3 Weapon 2 | . . 1 . 1 . Tool/Special 2 | . . . . . 2 Average Slot Usage (%) 89 | . 100 100 96 93 76 Engine 12 | . 14 14 19 8 12 Core 1 | . . . . 7 . Treads 4 | . . . . . 11 Wheel 14 | . 28 28 22 15 1 Device 14 | . 14 14 21 16 12 Storage 8 | . 14 14 11 9 2 Processor 2 | . . . . . 6 Protection 1 | . . . . . 3 Energy Gun 2 | . . . . . 5 Energy Cannon 6 | . 6 9 . 15 . Ballistic Gun 8 | . 21 14 17 9 . Impact Weapon 3 | . . 4 5 8 1 Slashing Weapon 4 | . . . . . 10 Peak Build Rating 45 | 9 9 12 14 23 45 Average Rating 20 | 7 9 10 12 21 32 On Entrance 10 | . 9 9 12 12 23 Naked Turns . | . . . . . . Heaviest Build 46 | 14 16 16 20 32 46 Greatest Support 42 | 32 32 32 32 26 42 Greatest Overweight (x) 5 | 1 . . . 3 5 Average Overweight (x) . | . . . . 1 . Largest Inventory Capacity 8 | 8 8 8 8 8 8 Average Capacity 7 | 7 8 8 8 8 6 Most Carried 8 | 7 8 8 8 8 7 Average Carried 6 | 4 7 7 7 7 4 Final Capacity 8 | 8 8 8 8 8 5 Final Carried 8 | 7 8 8 7 8 1 Class Distribution -------------------- 45% | Mutant 31% | Scavenger-Mutant 21% | Scavenger-Skirmisher Dominant Class ---------------- Mutant | -10/Materials Mutant | -10/Mines Mutant | -9/Materials Scavenger-Skirmisher | -8/Materials Scavenger-Mutant | -7/Factory Resources | -11 -10 -10 -9 -8 -7 ----------- Run | Yrd Mat Min Mat Mat Fac Matter Collected 1020 | 290 52 48 126 166 338 Remotely . | . . . . . . Salvage Created 999 | 145 52 . 94 292 416 Parts 61 | 14 4 . 9 12 22 Haulers Intercepted . | . . . . . . Recyclers Shooed 2 | 1 . . . . 1 Parts Field Recycled . | . . . . . . Retrieved Matter . | . . . . . . Parts Self-Destructed . | . . . . . . Prevented . | . . . . . . Kills | -11 -10 -10 -9 -8 -7 ------- Run | Yrd Mat Min Mat Mat Fac Combat Hostiles Destroyed 19 | . 3 . 3 5 8 Melee 4 | . . . 1 . 3 Guns 5 | . . . 1 2 2 Cannons 8 | . 3 . . 2 3 AOE 1 | . . . . 1 . Classes Destroyed 10 | 3 1 . 2 1 3 Worker 2 | 1 . . . . 1 Builder 1 | . . . . . 1 Tunneler 5 | 4 . . . . 1 Recycler 1 | 1 . . . . . Watcher 2 | . . . 1 1 . Swarmer 5 | . 3 . 2 . . Grunt 7 | . . . . 3 4 Duelist 1 | . . . . . 1 Sentry 5 | . . . 1 2 2 Programmer 1 | . . . . . 1 Best Kill Streak 6 | 2 3 . 2 2 6 Combat Bots Only 3 | . 3 . 2 2 3 Max Kills in Single Turn 4 | 1 1 . 1 1 4 Gunslinging . | . . . . . . Exploded 1 | . . . . 1 . Melee 1 | . . . 1 . 1 Uniques/NPCs Destroyed . | . . . . . . Combat | -11 -10 -10 -9 -8 -7 -------- Run | Yrd Mat Min Mat Mat Fac Hostile Shots Fired 423 | . 12 . 50 40 321 Missed 121 | . 2 . 18 6 95 Hits 302 | . 10 . 32 34 226 Melee 16 | . . . . . 16 Projectile 286 | . 10 . 32 34 210 Critical Strikes 10 | . . . 2 3 5 Damage Taken 4072 | . 76 . 407 556 3033 Core 899 | . 32 . 60 106 701 Absorbed by Shields . | . . . . . . Redirected to Shielding 3 | . . . . . 3 Core Remaining (%) 88 | 100 . 87 85 80 . Volleys Fired 88 | 20 6 . 23 20 19 Largest 3 | 2 2 . 2 3 3 Hottest 154 | 40 80 . 40 143 154 Shots Fired 183 | 40 12 . 42 57 32 Gun 133 | 40 8 . 42 27 16 Cannon 43 | . 4 . . 28 11 Launcher 6 | . . . . 2 4 Special 1 | . . . . . 1 Kinetic 121 | 40 8 . 42 23 8 Thermal 37 | . 4 . . 14 19 Explosive 6 | . . . . 2 4 Electromagnetic 19 | . . . . 18 1 Robot Hit Streak 10 | 5 3 . 10 4 6 Robot Miss Streak 4 | 2 4 . 4 3 3 Penetration Max . | . . . . . . Secondary Targets . | . . . . . . Shots Hit Robots 123 | 25 4 . 32 30 32 Core Hits 57 | 10 3 . 4 16 24 Critical Kills 1 | 1 . . . . . Critical Parts Destroyed 1 | . . . 1 . . Critical Strikes 7 | 1 . . 1 . 5 Burn 1 | . . . . . 1 Destroy 1 | 1 . . . . . Smash 1 | . . . 1 . . Sever 4 | . . . . . 4 Melee Attacks 29 | . . . 6 . 23 Impact 6 | . . . 6 . . Slashing 23 | . . . . . 23 Piercing . | . . . . . . Sneak Attacks . | . . . . . . Combat Hostiles . | . . . . . . Follow-up Attacks 1 | . . . . . 1 Damage Inflicted 2971 | 290 82 . 422 696 1481 Guns 986 | 290 29 . 327 141 199 Cannons 678 | . 53 . . 386 239 Explosions 681 | . . . . 169 512 Melee 626 | . . . 95 . 531 Ramming . | . . . . . . Kinetic 909 | 290 29 . 327 99 164 Thermal 669 | . 53 . . 105 511 Explosive 444 | . . . . 169 275 Electromagnetic 323 | . . . . 323 . Impact 95 | . . . 95 . . Slashing 531 | . . . . . 531 Piercing . | . . . . . . Highest Corruption 2 | . . . . . 2 Average Corruption 1 | . . . . . 1 Corruption Purged . | . . . . . . Corruption Blocked . | . . . . . . Effects 2 | . . . . . 2 Energy Discharges 1 | . . . . . 1 Parts Rejected 1 | . . . . . 1 Overload Shots . | . . . . . . Overflow Damage 232 | . . . 75 18 139 Projectiles 20 | . . . . 18 2 Explosions 91 | . . . . . 91 Melee 121 | . . . 75 . 46 Knockbacks . | . . . . . . Impact . | . . . . . . Kinetic . | . . . . . . Secondary . | . . . . . . Self-Inflicted Damage 93 | . . . . . 93 Shots 2 | . . . . . 2 Rammed . | . . . . . . Targets Rammed . | . . . . . . Kicked . | . . . . . . Crushed . | . . . . . . Highest Temperature 514 | . 72 . 17 514 447 Average Temperature 144 | . 37 . 7 173 187 Received Heat Transfer 1569 | . . . 126 360 1083 Effects 9 | . . . . 8 1 Shutdowns 2 | . . . . 2 . Matter Decay 2 | . . . . 1 1 Damage (major) 5 | . . . . 5 . Siege Activations . | . . . . . . Martial Activations . | . . . . . . Shielding Activations . | . . . . . . Robots Disrupted . | . . . . . . Combat Hostiles . | . . . . . . Robots Corrupted 1 | . . . 1 . . Combat Hostiles 1 | . . . 1 . . Parts Fried . | . . . . . . Impact Corruptions 3 | . . . 3 . . Robots Melted . | . . . . . . Combat Hostiles . | . . . . . . Parts Melted . | . . . . . . Heat Transferred 1175 | . 111 . . 222 842 Parts Sabotaged . | . . . . . . Parts Stolen . | . . . . . . Parts Stripped . | . . . . . . Power Chain Reactions . | . . . . . . Alert | -11 -10 -10 -9 -8 -7 ------- Run | Yrd Mat Min Mat Mat Fac Maximum Alert Level . | . . . . . . Low Security (%) 100 | 100 100 100 100 100 100 Level 1 . | . . . . . . Level 2 . | . . . . . . Level 3 . | . . . . . . Level 4 . | . . . . . . Level 5 . | . . . . . . High Security . | . . . . . . Max Security . | . . . . . . Peak Influence 110 | 10 60 19 95 88 110 Initial 32 | . . 19 . 9 32 Average 16 | 1 14 . 35 19 23 Influence Increases 942 | 30 70 . 154 273 415 Destroy 0b10 Robot/C 600 | . 60 . 100 180 260 Destroy 0b10 Robot/NC 60 | 30 . . 5 10 15 Destroy Leader 154 | . 10 . 22 42 80 Allied During Kill 38 | . . . 12 13 13 Disable Machine 45 | . . . 15 15 15 Destroy Structure 45 | . . . . 13 32 Influence Decreases 860 | 30 20 50 130 225 405 Entered New Map 86 | . . 31 . 15 40 Time Decay 534 | 30 20 19 80 153 232 Lost Part 220 | . . . 30 57 133 Lost Ally 20 | . . . 20 . . Squads Dispatched 7 | . . . . 1 6 Investigation 1 | . . . . . 1 Extermination 1 | . . . . . 1 Reinforcement 1 | . . . . 1 . Assault . | . . . . . . Garrison 4 | . . . . . 4 Intercept . | . . . . . . Searches Triggered . | . . . . . . Construction Impeded . | . . . . . . Haulers Reinforced . | . . . . . . Active Scanning Responses . | . . . . . . Cargo Convoy Interrupts . | . . . . . . Stealth | -11 -10 -10 -9 -8 -7 --------- Run | Yrd Mat Min Mat Mat Fac Distress Signals 1 | . . . . 1 . Communications Jammed . | . . . . . . Distress Signals . | . . . . . . Times Spotted 42 | . 5 . 6 13 18 Peak Tracking Total 7 | . 5 . 4 4 7 Tactical Retreats . | . . . . . . Traps | -11 -10 -10 -9 -8 -7 ------- Run | Yrd Mat Min Mat Mat Fac Traps Triggered 1 | . . . . . 1 Indirectly . | . . . . . . Trap Hack Attempts . | . . . . . . Triggered . | . . . . . . Disarmed . | . . . . . . Reprogrammed . | . . . . . . Reused . | . . . . . . Traps Extracted . | . . . . . . Installed . | . . . . . . Triggered . | . . . . . . Machines | -11 -10 -10 -9 -8 -7 ---------- Run | Yrd Mat Min Mat Mat Fac Machines Disabled 3 | . . . 1 1 1 Max in Single Turn 1 | . . . . . 1 Machines Repaired . | . . . . . . Machines Dismantled . | . . . . . . Machines Sabotaged . | . . . . . . Overloaded Fab Kills . | . . . . . . Hacking | -11 -10 -10 -9 -8 -7 --------- Run | Yrd Mat Min Mat Mat Fac Machines Accessed 2 | . . . . 1 1 Terminals . | . . . . . . Fabricators 1 | . . . . . 1 Repair Stations . | . . . . . . Recycling Units 1 | . . . . 1 . Scanalyzers . | . . . . . . Garrison Access . | . . . . . . Total Hacks 4 | . . . . 2 2 Successful 2 | . . . . 1 1 Failed 2 | . . . . 1 1 Catastrophic . | . . . . . . Database Lockouts . | . . . . . . Manual . | . . . . . . Terminals . | . . . . . . Fabricators 2 | . . . . . 2 Repair Stations . | . . . . . . Recycling Units 2 | . . . . 2 . Scanalyzers . | . . . . . . Garrison Access . | . . . . . . Terminal Hacks . | . . . . . . Fabricator Hacks 1 | . . . . . 1 Network Status 1 | . . . . . 1 Repair Station Hacks . | . . . . . . Recycling Unit Hacks 1 | . . . . 1 . Report Inventory 1 | . . . . 1 . Scanalyzer . | . . . . . . Garrison Access Hacks . | . . . . . . Unauthorized Hacks . | . . . . . . Terminals . | . . . . . . Fabricators . | . . . . . . Repair Stations . | . . . . . . Recycling Units . | . . . . . . Scanalyzers . | . . . . . . Garrison Access . | . . . . . . Data Cores Recovered . | . . . . . . Used . | . . . . . . Hacking Detections 1 | . . . . . 1 Full Trace Events . | . . . . . . Feedback Events . | . . . . . . Feedback Blocked . | . . . . . . Robot Schematics Acquired . | . . . . . . Robots Built . | . . . . . . Authchips . | . . . . . . Time . | . . . . . . Total Robot Build Rating . | . . . . . . Part Schematics Acquired . | . . . . . . Parts Built . | . . . . . . Authchips . | . . . . . . Time . | . . . . . . Total Part Build Rating . | . . . . . . Parts Repaired . | . . . . . . Time . | . . . . . . Parts Recycled . | . . . . . . Recycled Matter . | . . . . . . Retrieved Matter . | . . . . . . Retrieved Components . | . . . . . . Parts Scanalyzed . | . . . . . . Part Schematics Acquired . | . . . . . . Parts Damaged . | . . . . . . Bothacking | -11 -10 -10 -9 -8 -7 ------------ Run | Yrd Mat Min Mat Mat Fac Used RIF Installer . | . . . . . . Robots Hacked . | . . . . . . Non-combat . | . . . . . . Combat . | . . . . . . Robot Hacks Applied . | . . . . . . Relay Couplers Released . | . . . . . . Fabnet Peak Effective % . | . . . . . . Robots Rewired . | . . . . . . Allies Hacked . | . . . . . . Hacks Repelled . | . . . . . . Allies | -11 -10 -10 -9 -8 -7 -------- Run | Yrd Mat Min Mat Mat Fac Total Allies 2 | . . 2 . . . Largest Group 2 | . . 2 2 1 1 Highest-Rated Group 42 | . . 42 42 31 31 Highest-Rated Ally 31 | . . 31 31 31 31 Total Orders . | . . . . . . Ally Attacks 59 | . . . 16 18 25 Total Damage 834 | . . . 188 251 395 Kills 12 | . . . 2 5 5 Allies Corrupted . | . . . . . . Allies Melted . | . . . . . . Intel | -11 -10 -10 -9 -8 -7 ------- Run | Yrd Mat Min Mat Mat Fac Active Infowar (turns) 1667 | 142 105 623 217 483 97 Terrain 1571 | 103 105 623 217 426 97 Seismic 825 | 39 . . 216 483 87 Robot Analysis Total . | . . . . . . Derelict Logs Recovered 2 | . . 2 . . . Drone Launches . | . . . . . . Drone Recoveries . | . . . . . . Exploration | -11 -10 -10 -9 -8 -7 ------------- Run | Yrd Mat Min Mat Mat Fac Turns Passed 2517 | 182 105 623 217 483 907 Spaces Moved 1776 | 104 84 621 133 386 448 Core 25 | 9 . . . . 16 Treads 345 | . . . . . 345 Legs . | . . . . . . Wheels 1406 | 95 84 621 133 386 87 Hover . | . . . . . . Flight . | . . . . . . Fastest Speed 50 | 50 100 100 90 85 95 Average Speed 116 | 97 100 100 98 102 162 Slowest Speed 300 | 100 100 100 100 125 300 Overloaded Moves . | . . . . . . Propulsion Burnouts . | . . . . . . Robots Hopped . | . . . . . . Potential Cave-ins . | . . . . . . Cave-ins Triggered . | . . . . . . Exploration Rate (%) 29 | 6 24 84 15 35 10 Regions Visited 5 Branch Regions 1 Pre-discovered Areas . | . . . . . . Known Exits Taken 1 | . . . 1 . . Unknown Exits Taken 4 | 1 1 1 . 1 . Scrap Searched 2 | . . 2 . . . Spaces Dug . | . . . . . . Terrain Destroyed 53 | . . . . 11 42 Melee . | . . . . . . Projectile 1 | . . . . . 1 AOE 52 | . . . . 11 41 Terrain Rammed . | . . . . . . Walls Destroyed . | . . . . . . Machines Disabled . | . . . . . . Actions | -11 -10 -10 -9 -8 -7 --------- Run | Yrd Mat Min Mat Mat Fac Total 2022 | 147 93 623 173 435 551 Wait 2 | 2 . . . . . Move 1771 | 103 83 620 132 385 448 Hop . | . . . . . . Pick Up 59 | 14 2 1 4 14 24 Fast Attach . | . . . . . . Attach 45 | 7 . . 4 9 25 Detach 1 | . . . . . 1 Swap 15 | 1 1 1 3 3 6 Drop 14 | . 1 1 1 4 7 Fire 88 | 20 6 . 23 20 19 Melee 27 | . . . 6 . 21 Ram . | . . . . . . Kick . | . . . . . . Crush . | . . . . . . Escape Stasis . | . . . . . . Rewire . | . . . . . . Trap . | . . . . . . Miscellaneous . | . . . . . . Route ------- -11/Scrapyard -10/Materials -10/Mines (discovered 2 exits: [*Mat x2]) -9/Materials (discovered 2 exits: *Mat x2) -8/Materials -7/Factory History --------- Turn | Location | Event 9 | -11/Scrapyard | Discovered new exit (range 16) 183 | -11/Scrapyard | Entered Materials 274 | -10/Materials | Discovered new exit (range 11) 288 | -10/Materials | Entered Mines 291 | -10/Mines | Learned 2 Materials zone layouts 315 | -10/Mines | Build established: Mutant 391 | -10/Mines | Discovered new exit (range 8) 654 | -10/Mines | Discovered new exit (range 8) 693 | -10/Mines | Learned Materials terminal intel 699 | -10/Mines | A weapon hastily lodged in a ceiling crevice suddenly fell to the ground 911 | -10/Mines | Entered Materials 911 | -9/Materials | Accompanied by 2 allies 911 | -9/Materials | Evolved 2 slots: Power x1, Utility x1 912 | -9/Materials | Identified exit to Materials 913 | -9/Materials | Loaded intel: 12 terminal locations 916 | -9/Materials | Led the pair of lost Derelicts to an unsafe place 1055 | -9/Materials | Discovered exit to Materials (range 16) 1116 | -9/Materials | Lost 3 parts (3p) 1128 | -9/Materials | Entered another Materials area 1128 | -8/Materials | Accompanied by 1 ally 1128 | -8/Materials | Evolved 2 slots: Weapon x2 1441 | -8/Materials | Build established: Scavenger-Skirmisher 1552 | -8/Materials | Discovered new exit (range 10) 1608 | -8/Materials | Lost 5 parts (2p1n1u1w) 1611 | -8/Materials | Entered Factory 1611 | -7/Factory | Accompanied by 1 ally 1611 | -7/Factory | Evolved 2 slots: Power x1, Utility x1 1768 | -7/Factory | Lost 13 parts (2p2n2u7w) 2007 | -7/Factory | Build established: Scavenger-Mutant 2454 | -7/Factory | Core integrity fell below 50% 2479 | -7/Factory | Garrison activated, responded to threat 2497 | -7/Factory | Core integrity fell below 20% 2518 | -7/Factory | Destroyed by Y-54 Guardian with Flak Gun Last Messages --------------- Slug penetrates G-47 Trooper. G-47 Trooper destroyed. Fusion Modulator explodes. Destroyed Lgt. Deuterium Engine. Destroyed Wheel. T-07 Excavator destroyed. Destroyed Wheel. K-01 Serf destroyed. Destroyed Com. Wheel. U-05 Engineer destroyed. Acquired 6 matter. Adv. Treads destroyed. Acquired Arm. Treads. U-05 Engineer builds a Wall. Imp. Deuterium Engine destroyed. Acquired Core Shielding. U-05 Engineer lays Concrete. U-05 Engineer builds a Wall. U-05 Engineer lays Concrete. U-05 Engineer builds a Wall. Map ----- +----------------------------------------------------+ | ?????????????????????????????????????????????????? | | ?????????????????????????????????????????????????? | | ?????????????????????????????????????????????????? | | ?????????????????????????????????????????????????? | | ?????????????????????????????????????????????????? | | ?????????????????????????????????????????????????? | | ?????????????????????????????????????????????????? | | ?????????????????????????????????????????????????? | | ?????????????????????????????????????????????????? | | ?????????????????????????????????????????????????? | | ?????????????????????????????????????????????????? | | ?????????????????????????????????????????????????? | | ?????????????????????????????????????????????????? | | ?????????????????????????????????????????????????? | | ?????????????????????????###################?????? | | ?????????????????????????# = #??#### | | ?????????????? ??????????# //= #??#""" | | ????????????? ?????????# == """ #?##" | | ???????????? ????????# == """"" "#?# | | ???????????? ???????# """"" = T### | | ???????????? ??????# "# # | | ??????????? ! ?##### # # " | | ??????????? #;;;;######+#+####+###### " | | ?????????? ; = # % "" | | ??????????? ; = # %% | | ??????????????????##;; =@=% # % | | ??????????????????# ; | Y ########## | | ??????????????????# ; !!= # ########## | | ??????????????????## ; !!u # # # | | ??????????????????###; # # """"# | | ???????????????? u%|% # # """"# | | ?????????????? ##;;;;;;;;#### # """"## # | | ????????????? ?#### # # #??# # """"?# # | | ???????????? ?????########### + """"## # | | ????????????? ?????????? # # """"## # | | ????????????????????????"""" # # """"## # | | ????????????????????????"""" # # ## # | | ??????????????????????# """" # ###########/# | | ??????????????????????# """" # #??? # | | ??????????????????????# """" [ # #? ???# | | ??????????????????????# """" + #?? ??# " " " | | ??????????????? ??????# """" # #? ??# " " " | | ????????????? ?????# # # ?""?# " " " | | ???????????? #########+#### #?""??# " " " | | ???????????? #?????# " " " | | ???????????? #?????# " " " | | ?????????????T """ """ #?????# " " " | | ???????????? """ """ +?"???# " " " | | ???????????? """ """ #???"?# " " " | | ???????????? ####### #?????# | +----------------------------------------------------+ Best States ------------- Heat Dissipation 62 Energy Generation 42 Energy Capacity 550 Matter Stores 300 Matter Capacity 300 Sight Range 16 Terrain Scan Range 16 Terrain Scan Density 85 Armor Coverage 150 Evasion (%) 50 Recoil Reduction 2 Item Schematics ----------------- None Robot Schematics ------------------ None Fabricated ------------ Nothing Repaired ---------- Nothing Alien Tech Used ----------------- None Achievements -------------- None Challenges ------------ None Game ------ Seed MiniIntegrityTelecube Manual? 0 Play Time 00:39:19 Cumulative 2.5 hours Start 2025.07.06 @ 23:06:50 End 2025.07.06 @ 23:47:16 Sessions 1 Manual Loads 0 Difficulty Rogue Special Mode None Game No. 3 Rogue 3 Adventurer 0 Explorer 0 Win Type - Total 0 Types 0/0/0/0/0/0/0/0/0/0 Lore% 0 Gallery% 8 Achievement% 6 Wizard Run 0 Options --------- Layout 1 ASCII 0 Keyboard 0 Movement Mouse Keybinds 0 Fullscreen 1 Font 24/Smallcaps Map View 50x35 Zoom Use 0% Tactical HUD 0 Map Filters NONE Filters NONE Steam 1 RUN: 4eb2f77f-dfa5-4d6c-a7a3-857f92e9fad6